 Dungeon Sprint DCSS version 0.17-a0-1691-g18a3847 (webtiles) character file.

4939 Kidiri the Unseen (level 10, -14/44 HPs)
             Began as a Spriggan Enchanter on Aug 20, 2015.
             Was a Priest of Dithmenos.
             Killed by an exploding giant spore (19 damage)
             ... in the Dungeon (Sprint IV: "Fedhas' Mad Dash").
             The game lasted 00:08:17 (2364 turns).

Kidiri the Unseen (Spriggan Enchanter)              Turns: 2364, Time: 00:08:18

Health: -14/44     AC:  4    Str:  4    XL:     10   Next: 28%
Magic:  19/27      EV: 31    Int: 19    God:    Dithmenos [***...]
Gold:   178        SH:  0    Dex: 18    Spells: 5 memorised, 22 levels left

rFire  . . .     SeeInvis +     d - +4 dagger (elec)
rCold  + . .     Clarity  .     c - +2 robe {rC+}
rNeg   . . .     SustAt   .     (shield restricted)
rPois  .         Gourm    .     (helmet restricted)
rElec  .         Spirit   .     (no cloak)
rCorr  .         Warding  .     (gloves unavailable)
rMut   .         NoTele   +     (boots unavailable)
MR     +....                    (no amulet)
Stlth  ++++......               (no ring)
                                l - ring of invisibility

@: confused, very slightly contaminated, wreathed by umbra, very quick, somewhat
resistant to hostile enchantments, stealthy
A: unfitting armour, see invisible, herbivore 3, speed 3, slow metabolism 2
a: Shadow Step, Renounce Religion, Evoke Invisibility


You were in the Dungeon.
You worshipped Dithmenos.
Dithmenos was most pleased with you.
You were not hungry.

You visited 1 branch You collected 193 gold pieces.
You spent 15 gold pieces at shops.

Inventory:

Hand weapons
 a - a +0 rapier of protection
 d - a +4 dagger of electrocution (weapon)
 q - a +1 rapier
Armour
 c - a +2 robe of cold resistance (worn)
Jewellery
 l - a ring of invisibility (left hand)
Scrolls
 j - 2 scrolls of blinking
 k - a scroll of random uselessness {unknown}
 n - a scroll of fog
Potions
 e - 2 potions of curing
 g - a potion of haste
 h - a potion of magic
 i - a potion of berserk rage
 m - a potion of might {unknown}
Comestibles
 b - 3 royal jellies


   Skills:
 + Level 8.2 Short Blades
 * Level 14.4 Dodging
 * Level 15.9 Stealth
 * Level 12.6 Spellcasting
 + Level 5.1 Conjurations
 + Level 9.9 Hexes
 + Level 6.1 Ice Magic
 - Level 3.8 Invocations
 + Level 9.1 Evocations


You had 22 spell levels left.
You knew the following spells:

 Your Spells              Type           Power        Failure   Level  Hunger
a - Corona                Hex            #####..      1%          1    None
b - Ensorcelled Hibernat  Hex/Ice        #####.       1%          2    None
c - Confuse               Hex            #####...     1%          3    None
d - Tukima's Dance        Hex            #####...     1%          3    None
e - Dazzling Spray        Conj/Hex       #####...     1%          3    None


Dungeon Overview and Level Annotations

Branches:
Dungeon (1/1)

Altars:
Cheibriados
Dithmenos
Elyvilon
Gozag
Kikubaaqudgha
Makhleb
Nemelex Xobeh
Okawaru
Qazlal
Ru
Sif Muna
Trog
Vehumet
Xom
Yredelemnul
Zin
The Shining One
Beogh
Jiyva
Lugonu

Shops:
D =*([


Innate Abilities, Weirdness & Mutations

You are tiny and cannot use many weapons and most armour.
You have supernaturally acute eyesight.
You are a herbivore.
You cover ground extremely quickly.
You need consume almost no food.


Message History

Casting: Tukima's Dance
Confirm with . or Enter, or press ? or * to list all spells.
Aiming: Tukima's Dance
Press: ? - help, Shift-Dir - straight line, f - spriggan rider, p - spriggan
Aim: a spriggan rider, wielding a spear (umbra, chance to defeat MR: 36%)
The spear dances into the air!
Your dagger completely misses the spriggan.
Your dagger hits the spriggan.
The spriggan hits your dagger but does no damage.
Your dagger hits the spriggan. Your spear hits the spriggan.
Your dagger barely misses the spriggan.
Your spear hits the spriggan.
The spriggan hits your spear but does no damage.
You see here a pair of glowing gloves.
Your dagger barely misses the spriggan.
Your spear hits the spriggan.
The spriggan dies!
Dithmenos accepts your kill.
The giant spore explodes!
The explosion of spores engulfs you!
You are confused.
You die...

############################***
⌠.........⌠.#..+.[.#....##∩#*,*
_._._._._._.+..#...#....+))#*+*
._._._._._._#..###+##...##∩#,,***
_._._._._._.#..##∩∩:+...####*,,.,
⌠...._....⌠.#############**##...∩
#################......###.....♣,
♣♣♣♣..♣%###.'..'@i...[('%)(..♣,,∩
....♣..♣##:.#..#.P.....#######***
.♣♣♣.♣).###.##+##.P....#
♣..♣...♣'...#*,*########
#############,,,,,**** ,,,,*
***,,*,,*,,,,***
,,,,*****,,,*,,,,,,*,,,****
,,,,,,,,,,,,,*,,,,,∩,∩,,,,*
,,,,,,*********************


You could see a spriggan rider and a friendly dagger.

Vanquished Creatures
  A spriggan druid (D)
  6 oklob plants (D)
  A demonic crawler (D)
  A queen bee (D)
  3 burning bushes (D)
  3 wandering mushrooms (D)
  4 killer bees (D)
  2 scorpions (D)
  5 oklob saplings (D)
  A worker ant (D)
  3 spriggans (D)
  A river rat (D)
  A rat (D)
  7 fungi (D)
39 creatures vanquished.

Vanquished Creatures (collateral kills)
  A spriggan (D)
1 creature vanquished.

Grand Total: 40 creatures vanquished

Notes
Turn   | Place    | Note
--------------------------------------------------------------
     0 | D        | Kidiri the Spriggan Enchanter began the quest for the Orb.
     0 | D        | Reached XP level 1. HP: 9/9 MP: 5/5
   173 | D        | Reached skill level 5 in Stealth
   173 | D        | Reached XP level 2. HP: 13/13 MP: 5/7
   179 | D        | Learned a level 2 spell: Ensorcelled Hibernation
   200 | D        | Noticed an oklob sapling
   201 | D        | Killed an oklob sapling
   201 | D        | Reached skill level 5 in Dodging
   201 | D        | Reached skill level 6 in Stealth
   201 | D        | Reached skill level 1 in Ice Magic
   201 | D        | Reached XP level 3. HP: 16/16 MP: 7/9
   206 | D        | Learned a level 3 spell: Confuse
   210 | D        | Learned a level 3 spell: Tukima's Dance
   220 | D        | Noticed a worker ant
   222 | D        | Killed a worker ant
   222 | D        | Reached skill level 7 in Stealth
   222 | D        | Reached skill level 5 in Spellcasting
   246 | D        | Found a snail-covered altar of Cheibriados.
   246 | D        | Found a glowing silver altar of Zin.
   246 | D        | Found a white marble altar of Elyvilon.
   247 | D        | Found a viscous altar of Jiyva.
   247 | D        | Found a radiant altar of Vehumet.
   247 | D        | Found a deep blue altar of Sif Muna.
   247 | D        | Found a burning altar of Makhleb.
   247 | D        | Found an ancient bone altar of Kikubaaqudgha.
   247 | D        | Found a bloodstained altar of Trog.
   247 | D        | Found a corrupted altar of Lugonu.
   247 | D        | Found a sacrificial altar of Ru.
   247 | D        | Noticed an oklob sapling priest
   248 | D        | Found a glowing golden altar of the Shining One.
   248 | D        | Found a sparkling altar of Nemelex Xobeh.
   249 | D        | Found a shadowy altar of Dithmenos.
   250 | D        | Found an iron altar of Okawaru.
   250 | D        | Found a shimmering altar of Xom.
   251 | D        | Found an opulent altar of Gozag.
   252 | D        | Found a basalt altar of Yredelemnul.
   252 | D        | Found a roughly hewn altar of Beogh.
   253 | D        | Found a stormy altar of Qazlal.
   260 | D        | Became a worshipper of Dithmenos the Shadowed
   265 | D        | Killed an oklob sapling priest
   265 | D        | Reached skill level 8 in Stealth
   265 | D        | Reached skill level 5 in Hexes
   265 | D        | Reached XP level 4. HP: 21/21 MP: 10/13
   273 | D        | Learned a level 3 spell: Dazzling Spray
   349 | D        | Noticed an oklob sapling wizard
   352 | D        | Killed an oklob sapling wizard
   352 | D        | Reached skill level 1 in Invocations
   352 | D        | Reached XP level 5. HP: 24/24 MP: 11/14
   363 | D        | Noticed a scorpion
   375 | D        | Reached skill level 9 in Stealth
   378 | D        | Killed a scorpion
   378 | D        | Reached skill level 1 in Conjurations
   615 | D        | Found Fatig's Assorted Antiques.
   615 | D        | Found Qac Con's Jewellery Emporium.
   624 | D        | Noticed a burning bush
   624 | D        | Noticed a wandering mushroom
   625 | D        | Noticed a scorpion
   625 | D        | Noticed a wandering mushroom
   631 | D        | Killed a scorpion
   631 | D        | Reached XP level 6. HP: 28/28 MP: 13/17
   633 | D        | Killed a wandering mushroom
   633 | D        | Reached skill level 10 in Stealth
   810 | D        | Killed a wandering mushroom
   810 | D        | Reached skill level 5 in Short Blades
   810 | D        | Reached skill level 10 in Dodging
   810 | D        | Reached skill level 11 in Stealth
   810 | D        | Reached skill level 5 in Evocations
   810 | D        | Reached XP level 7. HP: 32/32 MP: 0/20
  1269 | D        | Killed a burning bush
  1291 | D        | Found Bitud's Weapon Shoppe.
  1292 | D        | Found Lew Ylaf's Antique Armour Emporium.
  1298 | D        | Bought an embroidered robe for 15 gold pieces
  1310 | D        | Got a faintly glowing blowgun
  1311 | D        | Identified the +1 blowgun "Tuvac" {evade, Int+4} (You found it in the Dungeon)
  1360 | D        | Noticed an oklob sapling
  1363 | D        | Killed an oklob sapling
  1375 | D        | Noticed a queen bee
  1375 | D        | Noticed a killer bee
  1376 | D        | Noticed a killer bee
  1378 | D        | Noticed a killer bee
  1378 | D        | Noticed a killer bee
  1382 | D        | Killed a queen bee
  1382 | D        | Reached skill level 12 in Stealth
  1382 | D        | Reached XP level 8. HP: 36/36 MP: 20/22
  1383 | D        | Killed a killer bee
  1383 | D        | Acquired Dithmenos's first power
  1384 | D        | Killed a killer bee
  1386 | D        | Killed a killer bee
  1387 | D        | Killed a killer bee
  1396 | D        | Noticed an oklob plant
  1399 | D        | Killed an oklob plant
  1399 | D        | Reached skill level 13 in Stealth
  1399 | D        | Reached skill level 10 in Spellcasting
  1560 | D        | Noticed a burning bush
  1563 | D        | Killed a burning bush
  1575 | D        | Noticed an oklob sapling
  1575 | D        | Noticed a burning bush
  1575 | D        | Noticed an oklob plant
  1576 | D        | Noticed a wandering mushroom
  1577 | D        | Killed a burning bush
  1577 | D        | Acquired Dithmenos's second power
  1577 | D        | Reached XP level 9. HP: 39/39 MP: 24/24
  2102 | D        | Killed an oklob plant
  2102 | D        | Reached skill level 14 in Stealth
  2102 | D        | Reached skill level 5 in Ice Magic
  2111 | D        | Killed an oklob sapling
  2113 | D        | Killed a wandering mushroom
  2279 | D        | Noticed a spriggan druid
  2280 | D        | Killed a spriggan druid
  2298 | D        | Noticed an oklob plant conjurer
  2299 | D        | Killed an oklob plant conjurer
  2314 | D        | Noticed an oklob plant
  2314 | D        | Noticed an oklob plant summoner
  2315 | D        | Noticed an oklob plant shifter
  2318 | D        | Killed an oklob plant
  2318 | D        | Reached skill level 15 in Stealth
  2318 | D        | Reached XP level 10. HP: 44/44 MP: 19/27
  2320 | D        | Killed an oklob plant shifter
  2322 | D        | Killed an oklob plant summoner
  2338 | D        | Noticed a demonic crawler
  2340 | D        | Killed a demonic crawler
  2340 | D        | Reached skill level 5 in Conjurations
  2343 | D        | Noticed a spriggan rider
  2343 | D        | Noticed a spriggan
  2343 | D        | Noticed a spriggan
  2347 | D        | Killed a spriggan
  2360 | D        | Killed a spriggan
  2364 | D        | Killed by an exploding giant spore

Vault maps used:
D:        dungeon_sprint_fedhas

Action                   |  1- 3 |  4- 6 |  7- 9 | 10-12 || total
-------------------------+-------+-------+-------+-------++-------
Melee: Dagger            |   165 |     7 |     3 |     5 ||   180
       Rapier            |       |     5 |    37 |       ||    42
 Cast: Dazzling Spray    |       |    11 |     6 |     4 ||    21
       Ensorcelled Hiber |       |     2 |       |     2 ||     4
       Confuse           |       |       |     3 |     1 ||     4
       Tukima's Dance    |       |       |       |     2 ||     2
Invok: Shadow Step       |       |       |     1 |     1 ||     2
 Abil: Evoke Invisibilit |     1 |     3 |     3 |       ||     7
  Use: Scroll            |       |     2 |     2 |       ||     4
       Potion            |       |       |       |     2 ||     2
 Stab: Sleeping          |     4 |     4 |    12 |     3 ||    23
       Invisible         |     1 |     2 |     6 |       ||     9
       Confused          |       |       |     3 |       ||     3
  Eat: Bread ration      |       |       |     1 |       ||     1
